 Dungeon Crawl Stone Soup version 0.30-a0-250-g41c1d76940 (webtiles) character file.

Game seed: 14405660597426879157

11153 croobank the Merchant of Misery (level 11, -7/103 HPs)
             Began as a Naga Venom Mage on Oct 12, 2022.
             Was a Believer of Kikubaaqudgha.
             Mangled by a torpor snail (14 damage)
             ... on level 1 of the Lair of Beasts on Oct 13, 2022.
             The game lasted 02:06:55 (13724 turns).

croobank the Merchant of Misery (Naga Venom Mage)  Turns: 13724, Time: 02:06:55

Health: -7/103     AC: 11    Str: 11    XL:     11   Next: 73%
Magic:  8/17       EV: 11    Int: 26    God:    Kikubaaqudgha [**....]
Gold:   624        SH:  0    Dex: 17    Spells: 0/18 levels left

rFire   . . .      SeeInvis +    K - +3 halberd (venom)
rCold   + + .      Faith    .    (shield currently unavailable)
rNeg    . . .      Spirit   .    a - +0 robe
rPois   +          Reflect  .    z - +0 helmet of Resilience {rC++}
rElec   .          Harm     .    o - +2 cloak
rCorr   .          Rampage  .    W - +2 pair of gloves
Will    +....                    (no barding)
Stlth   ++++......               y - amulet of regeneration
HPRegen 1.17/turn                n - +6 ring of dexterity
MPRegen 0.15/turn                t - +6 ring of intelligence

@: slowed, very slow
A: AC +3, large, see invisible, deformed body, poison resistance, slowness 2,
spit poison 1, naga tail 1
a: Spit Poison, Renounce Religion, Unearth Wretches


You were on level 1 of the Lair of Beasts.
You worshipped Kikubaaqudgha.
Kikubaaqudgha was pleased with you.
You visited 3 branches of the dungeon, and saw 13 of its levels.
You also visited: Gauntlet.

You collected 780 gold pieces.
You spent 156 gold pieces at shops.

Inventory:

Hand Weapons
 c - a +1 rapier of draining
 h - a +3 quarterstaff of chaos
 k - a +2 flail of holy wrath
 p - a +2 dagger of speed
 q - a +2 mace of holy wrath
 A - a +0 sling
 C - a +5 antimagic quarterstaff
 I - a +0 arbalest
 K - a +3 halberd of venom (weapon)
Missiles
 j - 24 poisoned darts (quivered)
 G - 5 atropa-tipped darts
Armour
 a - a +0 robe (worn)
 b - a +1 hat of willpower
 o - a +2 cloak (worn)
 r - a +1 helmet
 z - the +0 helmet of Resilience (worn) {rC++}
   (You found it on level 7 of the Dungeon)

   rC:        It greatly protects you from cold.
 B - a +0 ring mail
 W - a +2 pair of gloves (worn)
Magical Staves
 i - a staff of cold
 T - a staff of poison
Jewellery
 e - a ring of fire
 g - a ring of resist corrosion
 m - a ring of ice
 n - a +6 ring of dexterity (left hand)
 t - a +6 ring of intelligence (right hand)
 y - an amulet of regeneration (around neck)
 F - a ring of flight
 J - an amulet of faith
 V - a ring of protection from fire
Wands
 E - a wand of digging (9)
 M - a wand of polymorph (31)
 P - a wand of roots (5)
 U - a wand of mindburst (26)
 X - a wand of charming (4)
Scrolls
 l - 2 scrolls of amnesia
 s - 3 scrolls of poison {unknown}
 D - 3 scrolls of teleportation
 H - 5 scrolls of identify
 O - 3 scrolls of magic mapping
 S - 3 scrolls of fog
Potions
 d - 2 potions of haste
 f - a potion of ambrosia
 v - 3 potions of curing
 w - 2 potions of mutation
 x - 6 potions of flight
 L - 2 potions of brilliance


   Skills:
 - Level 8.0 Fighting
 - Level 6.1(7.2) Polearms
 - Level 5.6(6.9) Staves
 - Level 4.0 Dodging
 - Level 8.0 Stealth
 - Level 4.0 Spellcasting
 - Level 4.0 Conjurations
 + Level 10.0 Necromancy
 - Level 1.0 Transmutations
 - Level 4.0 Air Magic
 - Level 5.0 Poison Magic


You couldn't memorise any spells.
You knew the following spells:

 Your Spells              Type           Power      Damage    Failure   Level
a - Sting                 Tmut/Pois      80%        1d7       2%          1
b - Poisonous Vapours     Pois/Air       56%        N/A       1%          2
c - Mephitic Cloud        Conj/Pois/Air  27%        N/A       4%          3
d - Olgreb's Toxic Radia  Pois           31%        N/A       11%         4
e - Necrotise             Necr           100%       1d9       1%          1
f - Vampiric Draining     Necr           55%        2d9       1%          3
g - Dispel Undead         Necr           55%        3d20      1%          4

Your spell library contained the following spells:

 Spells                   Type           Power      Damage    Failure   Level
 Kiss of Death            Conj/Necr      100%       2d13      1%          1
 Magic Dart               Conj           100%       1d8       1%          1
 Cigotuvi's Dreadful Rot  Necr/Pois/Air  76%        N/A       1%          2
 Searing Ray              Conj           52%        2d6       2%          2
 Slow                     Hex            20%        N/A       9%          1
 Ignite Poison            Fire/Tmut/Pois 15%        N/A       11%         3
 Anguish                  Hex/Necr       15%        N/A       11%         4
 Scorch                   Fire           10%        2d5       13%         2
 Kindle Blastsparks       Fire/Tloc/Air  24%        2d12      16%         3
 Confusing Touch          Hex            5%         N/A       26%         3
 Frozen Ramparts          Ice            10%        1d2       26%         3
 Gell's Gravitas          Tloc           5%         N/A       26%         3
 Inner Flame              Hex/Fire       5%         N/A       26%         3
 Lesser Beckoning         Tloc           10%        N/A       26%         3
 Teleport Other           Tloc           5%         N/A       26%         3
 Tukima's Dance           Hex            5%         N/A       26%         3
 Flame Wave               Conj/Fire      15%        2d7       36%         4
 Fulminant Prism          Conj/Hex       7%         3d7       36%         4
 Ice Form                 Ice/Tmut       7%         N/A       56%         4
 Cause Fear               Hex            2%         N/A       63%         4
 Passage of Golubria      Tloc           5%         N/A       63%         4
 Summon Ice Beast         Ice/Summ       5%         N/A       63%         4
 Freezing Cloud           Conj/Ice/Air   9%         6-21      63%         5
 Yara's Violent Unravell  Hex/Tmut       3%         3d4       88%         5
 Summon Cactus Giant      Summ           2%         N/A       100%        6
 Dragon Form              Tmut           5%         N/A       100%        7
 Discord                  Hex            2%         N/A       100%        8
 Dragon's Call            Summ           2%         N/A       100%        9


Dungeon Overview and Level Annotations

Branches:
Dungeon (11/15)            Temple (1/1) D:5            Lair (1/5) D:10
Gauntlet (visited)
    Orc: D:9-12

Altars:
Ashenzari
Cheibriados
Dithmenos
Elyvilon
Fedhas
Gozag
Hepliaklqana
Kikubaaqudgha
Makhleb
Nemelex Xobeh
Okawaru
Qazlal
Ru
Sif Muna
Trog
Uskayaw
Vehumet
Wu Jian
Xom
Yredelemnul
Zin
The Shining One
Jiyva

Shops:
D:3 *   D:4 *   D:8 :

Annotations:
D:2 1 runed translucent door, Crazy Yiuf
D:10 3 runed translucent doors, exclusion: vault guard, billz999's ghost, novice OgAE


Innate Abilities, Weirdness & Mutations

Your serpentine skin is tough. (AC +3)
You have supernaturally acute eyesight. (SInv)
Armour fits poorly on your strangely shaped body.
Your system is resistant to poisons. (rPois)
You cover ground very slowly.
You can spit poison.
You have a snake-like lower body.


Message History

The rime drake is severely wounded.
The ice encasing you melts away. The rime drake bites you.
The rime drake completely misses you. The rime drake breathes ice at you.
The flash freeze misses you. The rime drake bites you.
The rime drake bites you but does no damage. x3
You closely miss the rime drake.
The rime drake is almost dead.
You kill the rime drake!
Kikubaaqudgha accepts your kill.
The rime drake bites you but does no damage.
The rime drake breathes ice at you. The flash freeze hits you!
You partially resist.
You are encased in ice.
The rime drake bites you but does no damage.
The rime drake barely misses you. The rime drake bites you. x2
The rime drake barely misses you. The rime drake closely misses you.
You puncture the rime drake!
You kill the rime drake!
Kikubaaqudgha accepts your kill.
You kill the rime drake!
Kikubaaqudgha accepts your kill.
The rime drake looks more healthy.
The rime drake closely misses you. The rime drake completely misses you.
You hit the rime drake.
You kill the rime drake!
Kikubaaqudgha accepts your kill. The torpor snail bites you!!
* * * LOW HITPOINT WARNING * * *
Your Necromancy skill increases to level 10!
You hit the torpor snail but do no damage.
The torpor snail looks as sick as possible!
The torpor snail is heavily wounded.
The ice encasing you melts away. The torpor snail bites you!!
* * * LOW HITPOINT WARNING * * *
The torpor snail briefly extends its eye-stalks.
The torpor snail bites you!
You die...
Kikubaaqudgha rasps: "You have failed me!
Welcome... death!"

#..............#
##..............##
####P................
.....................
.....................
...................##
##.#...............#
###.†.............##
#@†..............#
#.w.............##
#...............#
#.#.............#
#######.............#
....##'.............#
...##.#.............#
#.##..#.............#
###...#.............#


You could see a torpor snail (extremely poisoned).

Vanquished Creatures
  A hydra (Lair:1)
  Pikel (D:7)
  A harpy (shapeshifter) (D:10)
  3 elephants (D:10)
  Joseph (D:7)
  A centaur zombie (D:10)
  A komodo dragon (Lair:1)
  An unseen horror zombie (D:10)
  5 rime drakes (Lair:1)
  A troll (D:9)
  Grinder (D:4)
  A polar bear (Lair:1)
  8 yaks
  A wraith (D:11)
  A basilisk (Lair:1)
  2 vampires
  Menkaure (D:4)
  A steam dragon (D:8)
  2 vampire mosquitoes (D:11)
  Edmund (D:4)
  Duvessa (D:4)
  A water moccasin (D:8)
  2 sky beasts
  An ice beast (D:6)
  4 orc warriors
  2 ogres (D:5)
  3 centaurs
  2 lemures (D:7)
  2 phantoms (D:5)
  Blork the orc (D:5)
  4 kobold brigands
  5 bullfrogs
  A necrophage (D:7)
  A scorpion (D:5)
  Dowan (D:4)
  8 killer bees
  4 howler monkeys
  4 electric eels (D:11)
  6 jellies
  2 orc priests
  5 hounds
  Jessica (D:2)
  A gnoll bouda (D:6)
  6 iguanas
  An orc wizard (D:5)
  Robin (D:2)
  3 adders
  10 gnolls
  2 shadow imps (D:5)
  A white imp (D:8)
  A worm (D:2)
  50 orcs
  8 endoplasms
  4 giant cockroaches
  11 hobgoblins
  4 jackals (D:4)
  29 kobolds
  4 quokkas
  6 ball pythons
  8 bats
  3 frilled lizards
  14 goblins
  5 rats
268 creatures vanquished.

Vanquished Creatures (collateral kills)
  An elephant (Lair:1)
1 creature vanquished.

Vanquished Creatures (others)
  A komodo dragon (Lair:1)
  A scorpion (D:8)
  A quokka (D:7)
  2 fungi
  6 plants
11 creatures vanquished.

Grand Total: 280 creatures vanquished

Notes
Turn   | Place    | Note
-------+----------+-------------------------------------------
     0 | D:1      | croobank the Naga Venom Mage began the quest for the Orb.
     0 | D:1      | Reached XP level 1. HP: 15/15 MP: 3/3
   270 | D:1      | Reached XP level 2. HP: 14/22 MP: 0/5
   327 | D:1      | Learned a level 2 spell: Poisonous Vapours
   651 | D:1      | Reached skill level 5 in Poison Magic
  1024 | D:2      | Noticed Jessica
  1035 | D:2      | Killed Jessica
  1036 | D:2      | Reached skill level 1 in Conjurations
  1036 | D:2      | Reached skill level 1 in Air Magic
  1036 | D:2      | Reached XP level 3. HP: 18/28 MP: 0/6
  1161 | D:2      | Found a runed translucent door.
  1162 | D:2      | Noticed Crazy Yiuf
  1568 | D:2      | Reached XP level 4. HP: 36/36 MP: 4/7
  1572 | D:2      | Learned a level 3 spell: Mephitic Cloud
  1605 | D:2      | Noticed Robin
  1610 | D:2      | Killed Robin
  1891 | D:2      | Found a faded altar of an unknown god.
  2346 | D:3      | Reached XP level 5. HP: 16/42 MP: 2/9
  2951 | D:3      | Identified the +1 ring mail "Gieptymoa" {rN+ Str+7 Slay+3}
  3238 | D:3      | Found Oruarig's General Store.
  3644 | D:4      | Learned a level 4 spell: Olgreb's Toxic Radiance
  3820 | D:4      | Noticed Duvessa
  3821 | D:4      | Noticed Dowan
  3838 | D:4      | Killed Dowan
  3839 | D:4      | Reached XP level 6. HP: 41/49 MP: 1/11
  3867 | D:4      | Killed Duvessa
  4023 | D:4      | Found a broken altar of Ashenzari.
  4029 | D:4      | Noticed Grinder
  4035 | D:4      | Paralysed by Grinder for 3 turns
  4054 | D:4      | Killed Grinder
  4055 | D:4      | Reached XP level 7. HP: 20/55 MP: 4/13
  4240 | D:4      | Noticed Edmund
  4253 | D:4      | Noticed Menkaure
  4527 | D:4      | Killed Edmund
  4528 | D:4      | Reached skill level 1 in Fighting
  4528 | D:4      | Reached skill level 1 in Staves
  4569 | D:4      | Found an opulent altar of Gozag.
  4586 | D:4      | Killed Menkaure
  4729 | D:4      | Found Nast's Assorted Antiques.
  4741 | D:4      | Reached XP level 8. HP: 67/67 MP: 6/14
  4762 | D:4      | Bought a scroll of identify for 50 gold pieces
  4762 | D:4      | Bought a scroll of identify for 50 gold pieces
  4831 | D:5      | Entered Level 5 of the Dungeon
  5011 | D:5      | Found a staircase to the Ecumenical Temple.
  5047 | Temple   | Entered the Ecumenical Temple
  5072 | Temple   | Became a worshipper of Kikubaaqudgha
  5249 | D:5      | Reached skill level 5 in Stealth
  5533 | D:5      | Noticed Blork the orc
  5551 | D:5      | Killed Blork the orc
  6177 | D:6      | Reached * piety under Kikubaaqudgha
  6177 | D:6      | Received a gift from Kikubaaqudgha
  6217 | D:6      | Learned a level 1 spell: Necrotise
  6377 | D:6      | Learned a level 3 spell: Vampiric Draining
  6567 | D:6      | Reached XP level 9. HP: 78/78 MP: 10/15
  6661 | D:6      | Found a glowing golden altar of the Shining One.
  7060 | D:7      | Reached skill level 1 in Necromancy
  7145 | D:7      | Noticed Pikel
  7159 | D:7      | Killed Pikel
  7160 | D:7      | Reached skill level 2 in Necromancy
  7337 | D:7      | Reached skill level 3 in Necromancy
  7343 | D:7      | Noticed Joseph
  7371 | D:7      | Killed Joseph
  7372 | D:7      | Reached skill level 5 in Fighting
  7372 | D:7      | Reached skill level 5 in Staves
  7542 | D:7      | Reached skill level 4 in Necromancy
  7742 | D:7      | Found a white marble altar of Elyvilon.
  7742 | D:7      | Found a shadowy altar of Dithmenos.
  7887 | D:7      | Identified the +0 helmet of Resilience {rC++}
  8024 | D:8      | Reached XP level 10. HP: 85/91 MP: 5/16
  8110 | D:8      | Reached skill level 1 in Polearms
  8240 | D:8      | Reached skill level 5 in Necromancy
  8804 | D:3      | Bought a scroll of amnesia for 56 gold pieces
  9185 | D:8      | Found a viscous altar of Jiyva.
 10298 | D:10     | Entered Level 10 of the Dungeon
 10472 | D:10     | Reached skill level 6 in Necromancy
 10530 | D:10     | Found a runed translucent gate.
 10530 | D:10     | Found a runed translucent gate.
 10530 | D:10     | Found a runed translucent gate.
 10530 | D:10     | Noticed billz999's ghost (novice OgAE)
 10532 | D:10     | Found a basalt altar of Yredelemnul.
 10647 | D:10     | Reached ** piety under Kikubaaqudgha
 10757 | D:10     | Found a staircase to the Lair.
 10899 | D:10     | Found a bloodstained altar of Trog.
 10944 | D:10     | a meliai changed into an entropy weaver
 10944 | D:10     | Noticed an entropy weaver (shapeshifter)
 10950 | D:10     | an entropy weaver changed into an unseen horror
 10950 | D:10     | Noticed an unseen horror (shapeshifter)
 10953 | D:10     | an unseen horror changed into a human
 10957 | D:10     | a shapeshifter changed into a harpy
 10957 | D:10     | Noticed a harpy (shapeshifter)
 10965 | D:10     | HP: 4/94 [harpy (shapeshifter) (7)]
 10966 | D:10     | Killed a harpy
 11246 | D:10     | Noticed a vault guard
 11293 | Lair:1   | Entered Level 1 of the Lair of Beasts
 11328 | Lair:1   | Reached skill level 5 in Polearms
 11328 | Lair:1   | Reached XP level 11. HP: 103/103 MP: 2/17
 11497 | D:10     | Learned a level 2 spell: Searing Ray
 11574 | D:10     | Reached skill level 7 in Necromancy
 11602 | D:10     | Learned a level 4 spell: Dispel Undead
 11757 | D:8      | Found Monaett's Tremendous Tomes.
 12607 | D:11     | Found a gate leading to a gauntlet.
 12612 | Gauntlet | Entered a Gauntlet
 12612 | Gauntlet | Found a transporter.
 12612 | Gauntlet | Found a transporter.
 12613 | Gauntlet | Noticed a fire crab
 12614 | Gauntlet | Found a transporter.
 12614 | Gauntlet | Found a transporter.
 12614 | Gauntlet | Noticed an oklob plant
 12617 | Gauntlet | Found a transporter.
 12642 | Gauntlet | a fire crab changed into a meliai
 12648 | Gauntlet | Noticed a necromancer
 12651 | Gauntlet | Found a transporter.
 12654 | Gauntlet | Found a transporter.
 12654 | Gauntlet | Found a transporter.
 12659 | Gauntlet | Noticed a death yak
 12661 | Gauntlet | Noticed a death yak
 12663 | Gauntlet | Noticed a death yak
 12664 | Gauntlet | Found a runed translucent gate.
 12664 | Gauntlet | Noticed a death yak
 12664 | Gauntlet | Noticed a death yak
 12667 | Gauntlet | Found a runed translucent gate.
 12680 | Gauntlet | Noticed a glowing orange brain
 12687 | Gauntlet | Found a transporter.
 12688 | Gauntlet | Found a runed translucent gate.
 12701 | Gauntlet | Noticed a cyan ugly thing
 12703 | Gauntlet | Found a transporter.
 12705 | Gauntlet | Noticed a cyan ugly thing
 12712 | Gauntlet | Found a transporter.
 12712 | Gauntlet | Noticed a death scarab
 12712 | Gauntlet | Noticed a death scarab
 12716 | Gauntlet | Found a runed translucent door.
 12730 | Gauntlet | Found a transporter.
 12747 | Gauntlet | Found a transporter.
 12761 | Gauntlet | Found a transporter.
 13128 | D:10     | Reached skill level 8 in Necromancy
 13451 | D:10     | Reached skill level 9 in Necromancy
 13724 | Lair:1   | Reached skill level 10 in Necromancy
 13724 | Lair:1   | Mangled by a torpor snail

Illustrated notes

Levels and vault maps discovered:
D:1:      nicolae_arrival_washed_ashore, layout_loops_ring, minmay_tromino_v4_a
D:2:      layout_loops_ring, shapermc_ecumenical_altar_acropolis, uniq_jessica,
          uniq_crazy_yiuf_cottage, uniq_robin
D:3:      kennysheep_big_flooded_room, layout_loops_ring, serial_shops,
          nicolae_shop_advertising_works [nicolae_subvault_shop_adworks]
D:4:      layout_rooms, lemuel_round_altar, mainiacjoe_overflow_24_doors,
          serial_shops, nicolae_shop_overgrown_old_shop, uniq_edmund,
          uniq_menkaure, uniq_duvessa, uniq_grinder
D:5:      layout_basic, minmay_temple_entry_trees, minmay_joined_circles,
          uniq_blork_the_orc
D:6:      layout_basic, nicolae_tso_carved_into_rock, st_stairs_3
D:7:      layout_rooms, gammafunk_temple_overflow_pools, uniq_pikel, uniq_joseph
D:8:      layout_basic, minmay_misc_feat_encased, nicolae_shop_i_like_big_books,
          jiyva_altar_1
D:9:      layout_roguey
D:10:     layout_roguey [special_room_orc], trog_hazing_becter,
          nicolae_yredelemnul_ghost_church, lair_entry_dummy, enter_trove_5
D:11:     layout_basic, gauntlet_entry_generic, uniq_gastronok
Temple:   hellmonk_temple_of_storms
Lair:1:   layout_small_grid, st_stairs_13, hellmonk_guarded_unrand_zhor,
          infiniplex_staircase_pool_2, lemuel_fruit_fields, serial_bayou_shore_a

Skill      XL: |  1  2  3  4  5  6  7  8  9 10 11 |
---------------+----------------------------------+-----
Poison Magic   | 5 |  5.0
Conjurations   | 1 2 4 |  4.0
Air Magic      | 1 2 4 |  4.0
Spellcasting   | 3 4 |  4.0
Fighting       | 1 3 5 7 8 |  8.0
Staves         | 1 3 5 |  5.6
Dodging        | 2 3 4 |  4.0
Stealth        | 4 7 8 |  8.0
Necromancy     | 4 6 10 | 10.0
Polearms       | 5 6 |  6.1
Transmutations | |  1.0

Action                   |  1- 3 |  4- 6 |  7- 9 | 10-12 || total
-------------------------+-------+-------+-------+-------++-------
Melee: Staff             |    13 |       |       |     8 ||    21
       Dagger            |    16 |    62 |       |     1 ||    79
       Punch             |     1 |       |     1 |     2 ||     4
       Quarterstaff      |       |    28 |     9 |    42 ||    79
       Flail             |       |       |    97 |    42 ||   139
       Halberd           |       |       |       |   133 ||   133
 Fire: Arbalest          |       |       |    14 |    25 ||    39
Throw: Dart              |       |     1 |       |     1 ||     2
 Cast: Sting             |    17 |    65 |    13 |       ||    95
       Poisonous Vapours |     7 |    12 |    29 |    24 ||    72
       Mephitic Cloud    |       |     4 |    15 |    23 ||    42
       Olgreb's Toxic Ra |       |       |     8 |    14 ||    22
       Vampiric Draining |       |       |    10 |     2 ||    12
       Necrotise         |       |       |     1 |     9 ||    10
       Dispel Undead     |       |       |       |     8 ||     8
Invok: Unearth Wretches  |       |       |     1 |     3 ||     4
 Abil: Spit Poison       |    26 |    30 |    24 |     9 ||    89
Evoke: Wand              |       |       |     5 |     9 ||    14
  Use: Scroll            |       |     6 |    15 |    11 ||    32
       Potion            |       |     3 |     1 |     6 ||    10
 Stab: Confused          |       |     2 |     4 |     6 ||    12
       Sleeping          |       |       |     1 |     2 ||     3
Armor: Robe              |    13 |    41 |    55 |   140 ||   249
       Skin              |       |       |       |    20 ||    20
Dodge: Dodged            |     5 |    55 |    82 |   168 ||   310

Table legend: (Time is in decaauts)
 A = Elapsed time spent in this place.
 B = Non-inter-level travel time spent in this place.
 C = Inter-level travel time spent in this place.
 D = Time resting spent in this place.
 E = Time spent auto-exploring this place.
 F = Levels seen in this place.
 G = Mean time per level.
                   A        B        C        D        E       F      G
               +--------+--------+--------+--------+--------+-----+--------+
         Total |  17018 |  15481 |   1537 |   2862 |   8384 |  14 | 1215.6 |
       Dungeon |  16313 |  14804 |   1509 |   2862 |   8238 |  11 | 1483.0 |
        Temple |     62 |     43 |     19 |      0 |     15 |   1 |   62.0 |
          Lair |    409 |    401 |      8 |      0 |    130 |   1 |  409.0 |
      Gauntlet |    232 |    232 |      0 |      0 |      0 |   1 |  232.0 |
               +--------+--------+--------+--------+--------+-----+--------+

Top non-repeatable levels by time:
    D:10: 2485 daAuts
     D:3: 1949 daAuts
     D:8: 1677 daAuts
     D:5: 1593 daAuts
     D:2: 1570 daAuts
     D:7: 1523 daAuts
     D:4: 1457 daAuts
     D:6: 1296 daAuts
     D:9: 1268 daAuts
     D:1: 1060 daAuts
    D:11: 431 daAuts
  Lair:1: 409 daAuts
Gauntlet: 232 daAuts
  Temple: 62 daAuts
